 Dungeon Crawl Stone Soup version 0.29.1-1-gd02db6906a (webtiles) character file.

Game seed: 7719295933020255993

2541 karrick the Basher (level 9, -3/56 HPs)
             Began as a Gargoyle Fighter on Sept 22, 2022.
             Hit by a javelin thrown by a centaur (9 damage)
             ... in a bailey.
             The game lasted 00:14:36 (7144 turns).

karrick the Basher (Gargoyle Fighter)               Turns: 7144, Time: 00:14:36

Health: -3/56      AC: 15    Str: 20    XL:     9   Next: 55%
Magic:  9/9        EV:  9    Int:  9    God:
Gold:   377        SH:  5    Dex: 13    Spells: 8/8 levels left

rFire   . . .      SeeInvis .   y - +1 flail (vorpal)
rCold   . . .      Faith    .   c - +0 buckler
rNeg    + . .      Spirit   .   b - +0 scale mail
rPois   ∞          Reflect  .   (no helmet)
rElec   +          Harm     .   (no cloak)
rCorr   .          Rampage  .   C - +0 pair of gloves
Will    .....                   (no boots)
Stlth   ..........              (no amulet)
HPRegen 0.18/turn               q - +4 ring of slaying
MPRegen 0.11/turn               (no ring)

@: no status effects
A: sickness immunity, AC +6, negative energy resistance 1, electricity
resistance, torment resistance 1, petrification resistance
a: no special abilities


You were in a bailey.
You visited 1 branch of the dungeon, and saw 7 of its levels.
You also visited: Ossuary and Bailey.

You collected 377 gold pieces.

Inventory:

Hand Weapons
 y - a +1 vorpal flail (weapon)
Missiles
 d - 2 throwing nets (quivered)
Armour
 b - a +0 scale mail (worn)
 c - a +0 buckler (worn)
 C - a +0 pair of gloves (worn)
Jewellery
 q - a +4 ring of slaying (left hand)
Wands
 x - a wand of quicksilver (6)
 B - a wand of charming (5)
Scrolls
 a - 2 scrolls of vulnerability {unknown}
 h - 2 scrolls of magic mapping {unknown}
 k - a scroll of torment {unknown}
 m - 3 scrolls of identify
 n - 2 scrolls of immolation {unknown}
 s - 2 scrolls of enchant armour {unknown}
 t - 3 scrolls of enchant weapon {unknown}
 v - a scroll of blinking {unknown}
 E - a scroll of noise {unknown}
Potions
 f - a potion of lignification
 g - a potion of magic {unknown}
 i - a potion of ambrosia {unknown}
 j - a potion of degeneration {unknown}
 o - 2 potions of cancellation
 p - a potion of flight {unknown}
 r - 3 potions of haste {unknown}
 u - a potion of curing
 w - 4 potions of brilliance
 z - a potion of berserk rage {unknown}
 A - a potion of resistance
 F - 2 potions of heal wounds {unknown}


   Skills:
 * Level 6.4 Fighting
 + Level 9.0 Maces & Flails
 + Level 7.7 Armour
 + Level 1.6 Stealth
 + Level 5.3 Shields


You had 8 spell levels left.
You didn't know any spells.
Your spell library contained the following spells:

 Spells                   Type           Power      Damage    Failure   Level
 Apportation              Tloc           0%         N/A       78%         1
 Necrotise                Necr           0%         1d4       78%         1
 Shock                    Conj/Air       0%         1d3       78%         1
 Summon Small Mammal      Summ           0%         N/A       78%         1
 Poisonous Vapours        Pois/Air       0%         N/A       89%         2
 Wereblood                Tmut           0%         N/A       89%         2
 Conjure Flame            Conj/Fire      0%         6-21      98%         3
 Dazzling Flash           Conj/Hex       0%         N/A       98%         3
 Ignite Poison            Fire/Tmut/Pois 0%         N/A       98%         3
 Swiftness                Air            0%         N/A       98%         3
 Airstrike                Air            0%         2d(0-16)  100%        4
 Corpse Rot               Necr/Pois/Air  0%         N/A       100%        4
 Olgreb's Toxic Radiance  Pois           0%         N/A       100%        4
 Sticky Flame             Conj/Fire      0%         2d3       100%        4
 Irradiate                Conj/Tmut      0%         3d11      100%        5
 Lightning Bolt           Conj/Air       0%         1d11      100%        5
 Ozocubu's Refrigeration  Ice            0%         4d7       100%        7
 Summon Hydra             Summ           0%         N/A       100%        7
 Ignition                 Fire           0%         3d3       100%        8
 Sublimation of Blood     Necr           Unusable   N/A       N/A         2

Dungeon Overview and Level Annotations

Branches:
Dungeon (7/15)             Temple (0/1) D:7         Ossuary (visited)
 Bailey (1/1)

Altars:
Ashenzari
Cheibriados
Dithmenos
Ru
Sif Muna
Xom

Annotations:
D:7 Dowan, Menkaure, Pikel


Innate Abilities, Weirdness & Mutations

You are immune to sickness and miasma.
Your stone body is resilient. (AC +6)
You are immune to poison.
You resist negative energy. (rN+)
You are resistant to electric shocks. (rElec)
You are resistant to unholy torment.
You are immune to petrification.


Message History

There is a gate leading back out of this place here.
There is an empty arch of ancient stone here.
The centaur shouts!
There is a gate leading back out of this place here.
Throw: 2 throwing nets
Press: ? - help, Q - select action, (/) - cycle Shift-Dir - straight line, f - centaur
Aim: a centaur, wielding a +0 halberd, wearing a +0 ring mail and quivering javelins (78% to hit)
Okay, then.
Found 20 gold pieces.
The centaur throws a javelin.
The javelin pierces through you.
The centaur throws a javelin.
The javelin pierces through you.
The centaur throws a javelin.
The javelin barely misses you.
The centaur throws a javelin.
The javelin closely misses you.
The centaur throws a javelin.
The javelin pierces through you.
The centaur throws a javelin.
The javelin pierces through you!
* * * LOW HITPOINT WARNING * * *
As you read the scroll of fear, it crumbles to dust.
You assume a fearsome visage.
The orc looks frightened! x2
The centaur looks frightened!
Things that are here:
a +0 trident; a +0 ring mail
Things that are here:
a +0 halberd; a +0 scale mail The orc yells at you, "GO AWAY!"
The centaur shouts!
Things that are here:
a +0 spear; a +0 scale mail The orc seems to regain its courage.
The centaur throws a javelin.
The javelin pierces through you but does no damage.
The orc hits you but does no damage.
The centaur hits you from afar with a +0 halberd!
* * * LOW HITPOINT WARNING * * *
The orc hits you but does no damage.
The centaur hits you from afar with a +0 halberd.
* * * LOW HITPOINT WARNING * * *
Things that are here:
a +0 spear; a +0 scale mail You feel better.
The centaur throws a javelin.
The javelin pierces through you!
You die...

#####.....#####
#....≈≈≈≈≈....##
#.⌠.≈≈≈...≈≈≈.⌠.#
#..≈≈..≈.≈..≈≈o.#
#.≈≈.≈≈≈.≈≈≈.≈≈.#
#.≈.≈≈.))).≈≈.≈o##
.≈≈.≈.≈≈≈≈≈.≈.≈≈.#
.≈.≈≈.≈...≈)≈≈.≈.#
.≈.≈.≈≈...≈≈.≈@≈.#
.≈.≈.≈.⌠∩⌠.≈.≈.≈o#
.≈.≈.≈..∩..≈.≈c≈.#
.≈.≈.≈.⌠∩⌠.≈.≈.≈.#
.≈.≈.≈≈...≈≈.≈.≈.#
.≈.≈≈.≈...≈.≈≈.≈.#
.≈≈)≈.≈≈.≈≈.≈.≈≈.#
..≈.≈≈.≈.≈.≈≈.≈..+
.....≈≈...≈≈.....#


You could see a centaur and 3 orcs.

Vanquished Creatures
  3 water moccasins
  Duvessa (D:7)
  2 sky beasts (D:6)
  An ice beast (D:6)
  2 black bears (D:5)
  An ogre (D:6)
  A centaur (D:6)
  A lemure (D:7)
  3 phantoms
  Blork the orc (D:5)
  An elf zombie (Ossuary)
  3 scorpions (D:6)
  A howler monkey (D:4)
  2 centaur zombies (Ossuary)
  4 human zombies (Ossuary)
  3 hounds
  3 orc priests
  3 jellies
  4 iguanas
  Natasha (twice) (D:3)
  4 orc wizards
  2 mummies (Ossuary)
  8 adders
  An ufetubus (D:5)
  An adder zombie (Ossuary)
  2 worms
  2 dart slugs (D:1)
  24 orcs
  10 ball pythons
  8 endoplasms
  4 giant cockroaches
  11 goblins
  3 hobgoblins
  6 jackals
  3 quokkas
  2 bats
  3 frilled lizards
  2 goblin zombies (Ossuary)
  6 hobgoblin zombies (Ossuary)
  A kobold (D:1)
  10 kobold zombies (Ossuary)
  9 orc zombies (Ossuary)
  4 rats
  2 rat zombies (Ossuary)
170 creatures vanquished.

Vanquished Creatures (collateral kills)
  2 orcs (Bailey)
2 creatures vanquished.

Grand Total: 172 creatures vanquished

Notes
Turn   | Place    | Note
-------+----------+-------------------------------------------
     0 | D:1      | karrick the Gargoyle Fighter began the quest for the Orb.
     0 | D:1      | Reached XP level 1. HP: 14/14 MP: 1/1
   140 | D:1      | Reached XP level 2. HP: 18/19 MP: 2/2
   345 | D:1      | Got the Treatise on the Dynamic Lungs
   573 | D:1      | Reached XP level 3. HP: 24/24 MP: 3/3
   752 | D:1      | Found a faded altar of an unknown god.
  1167 | D:2      | Reached skill level 3 in Maces & Flails
  1171 | D:2      | Reached XP level 4. HP: 28/29 MP: 4/4
  1824 | D:4      | Noticed a phantom
  1866 | D:3      | Reached XP level 5. HP: 20/33 MP: 5/5
  1872 | D:3      | Reached skill level 4 in Maces & Flails
  2235 | D:3      | Found a faded altar of an unknown god.
  2235 | D:3      | Found a shimmering blue altar of Sif Muna.
  2243 | D:3      | Found a shadowy altar of Dithmenos.
  2245 | D:3      | Found a shimmering altar of Xom.
  2249 | D:3      | Found a broken altar of Ashenzari.
  2335 | D:3      | Noticed Natasha
  2340 | D:3      | Killed Natasha
  2358 | D:3      | Reached XP level 6. HP: 35/38 MP: 6/6
  2601 | D:3      | Noticed Natasha
  2605 | D:3      | Killed Natasha
  3026 | D:4      | Reached skill level 5 in Maces & Flails
  3188 | D:4      | Identified the +1 robe "Guom" {Rampage}
  3398 | D:4      | Reached skill level 5 in Armour
  3398 | D:4      | Reached skill level 1 in Stealth
  3398 | D:4      | Reached XP level 7. HP: 41/44 MP: 7/7
  3545 | D:5      | Entered Level 5 of the Dungeon
  4117 | D:5      | Reached skill level 6 in Maces & Flails
  4720 | D:5      | Reached XP level 8. HP: 48/48 MP: 8/8
  4743 | D:5      | Noticed Blork the orc
  4750 | D:5      | Killed Blork the orc
  4868 | D:5      | Reached skill level 5 in Fighting
  5384 | D:6      | Reached skill level 7 in Maces & Flails
  5517 | D:6      | Reached skill level 5 in Shields
  6010 | D:6      | Reached XP level 9. HP: 40/55 MP: 9/9
  6319 | D:6      | Reached skill level 8 in Maces & Flails
  6488 | D:7      | Found a sand-covered staircase.
  6606 | Ossuary  | Entered an ossuary
  6880 | D:7      | Found a snail-covered altar of Cheibriados.
  6882 | D:7      | Found a sacrificial altar of Ru.
  6896 | D:7      | Noticed Duvessa
  6910 | D:7      | Killed Duvessa
  6911 | D:7      | Reached skill level 9 in Maces & Flails
  6911 | D:7      | Noticed Dowan
  6920 | D:7      | Found a staircase to the Ecumenical Temple.
  6920 | D:7      | Noticed Pikel
  6927 | D:7      | Noticed Menkaure
  6986 | D:7      | Found a flagged portal.
  6993 | Bailey   | Entered a bailey
  7143 | Bailey   | HP: 1/56 [centaur/+0 halberd (6)]
  7144 | Bailey   | Hit by a javelin thrown by a centaur

Illustrated notes

Levels and vault maps discovered:
D:1:      dpeg_arrival_pits, layout_loops_ring,
          hellmonk_ecumenical_altar_crossroads
D:2:      layout_rooms, minmay_pentomino_q4
D:3:      layout_rooms, chequers_temple_overflow_minitemple, wad_orctagon,
          uniq_natasha
D:4:      layout_basic
D:5:      layout_basic, kennysheep_potato, uniq_blork_the_orc
D:6:      layout_basic
D:7:      layout_basic, nicolae_overflow_hidden_temple,
          minmay_temple_entry_large_hall, enter_bailey_3,
          nicolae_ossuary_entry_ruins, minmay_checkerbox, uniq_duvessa,
          uniq_pikel, uniq_crazy_yiuf_cottage, uniq_menkaure
Bailey:   bailey_polearm_flooded_kennysheep, bailey

Skill      XL: |  1  2  3  4  5  6  7  8  9 |
---------------+----------------------------+-----
Maces & Flails | 3 4 5 6 7 9 |  9.0
Armour         | 4 5 7 |  7.7
Shields        | 4 5 |  5.3
Fighting       | 4 5 6 |  6.4
Stealth        | 1 |  1.6

Action                   |  1- 3 |  4- 6 |  7- 9 || total
-------------------------+-------+-------+-------++-------
Melee: Flail             |   103 |   153 |   270 ||   526
Evoke: Wand              |       |       |    15 ||    15
  Use: Potion            |       |     1 |     6 ||     7
       Scroll            |       |       |     8 ||     8
Armor: Scale mail        |    59 |   106 |   207 ||   372
Dodge: Dodged            |    54 |    75 |   110 ||   239
Block: Buckler           |    27 |    26 |    65 ||   118
